PCL
LANSING LUGNUTS @ REDWOOD CITY REDWOODS
05/24/2024
 
TOP OF THE 1ST
Lansing Lugnuts batting - Pitching for Redwood City Redwoods : RHP Tom Goff
Pitching: RHP Tom Goff
Batting: LHB Francisco Marino 0-0: Foul Ball, location: 2F
0-1: Ball
1-1: Called Strike
1-2: Ground out U3 (Groundball, 3)
Batting: LHB Juan Colón 0-0: Ball
1-0: Called Strike
1-1: Foul Ball, location: 2F
1-2: Ball
2-2: Ball
3-2: Ground out 1-3 (Groundball, 13)
Batting: RHB Jim Tracy 0-0: Called Strike
0-1: Swinging Strike
0-2: Ball
1-2: Ball
2-2: Ground out 4-3 (Groundball, 4M)
Top of the 1st over - 0 run(s), 0 hit(s), 0 error(s), 0 left on base; Lansing 0 - Redwood City 0
BOTTOM OF THE 1ST
Redwood City Redwoods batting - Pitching for Lansing Lugnuts : LHP Kent Robinson
Pitching: LHP Kent Robinson
Batting: LHB Héctor Flores 0-0: Called Strike
0-1: Ball
1-1: Foul Ball, location: 2F
1-2: Ball
2-2: Ball
3-2: Foul Ball, location: 2F
3-2: DOUBLE (Line Drive, 9LD)
Batting: RHB Fu Tse 0-0: Called Strike
0-1: Called Strike
0-2: Ball
1-2: Ball
2-2: Ball
3-2: Foul Ball, location: 2F
3-2: Foul Ball, location: 2F
3-2: Strikes out swinging
Batting: RHB Edgardo Gonzáles 0-0: Ball
1-0: Ball
2-0: Ball
3-0: Called Strike
3-1: Base on Balls
Batting: RHB Robinson Martínez 0-0: Ball
1-0: Ball
2-0: Ball
3-0: Called Strike
3-1: Base on Balls
Héctor Flores to third
Edgardo Gonzáles to second
Batting: LHB Vincente Sáenz 0-0: Called Strike
0-1: Swinging Strike
0-2: Ball
1-2: Ball
2-2: Ball
3-2: Strikes out swinging
Batting: RHB Anastasio García 0-0: Called Strike
0-1: Ball
1-1: Ball
2-1: Ball
3-1: Base on Balls
Héctor Flores scores
Edgardo Gonzáles to third
Robinson Martínez to second
Batting: RHB William Parker 0-0: Called Strike
0-1: Swinging Strike
0-2: Strikes out looking
Bottom of the 1st over - 1 run(s), 1 hit(s), 0 error(s), 3 left on base; Lansing 0 - Redwood City 1
TOP OF THE 2ND
Lansing Lugnuts batting - Pitching for Redwood City Redwoods : RHP Tom Goff
Batting: LHB Iván Salas 0-0: Foul Ball, location: 2F
0-1: Ball
1-1: Foul Ball, location: 2F
1-2: Ball
2-2: Foul Ball, location: 2F
2-2: Foul Ball, location: 2F
2-2: Foul Ball, location: 2F
2-2: Foul Ball, location: 2F
2-2: Fly out, F6 (Popup, 56)
Batting: LHB Jeffrey Satterley 0-0: Ball
1-0: Called Strike
1-1: Foul Ball, location: 2F
1-2: Ground out 6-3 (Groundball, 6M)
Batting: LHB António Guerrero 0-0: Ball
1-0: Foul Ball, location: 2F
1-1: Ball
2-1: Ground out U3 (Groundball, 3S)
Top of the 2nd over - 0 run(s), 0 hit(s), 0 error(s), 0 left on base; Lansing 0 - Redwood City 1
BOTTOM OF THE 2ND
Redwood City Redwoods batting - Pitching for Lansing Lugnuts : LHP Kent Robinson
Batting: RHB Dan Martin 0-0: Fly out, F8 (Flyball, 8RM)
Batting: RHB Bobby McIntosh 0-0: Called Strike
0-1: Ground out 4-3 (Groundball, 6M)
Batting: LHB Héctor Flores 0-0: Called Strike
0-1: Foul Ball, location: 2F
0-2: Strikes out swinging
Bottom of the 2nd over - 0 run(s), 0 hit(s), 0 error(s), 0 left on base; Lansing 0 - Redwood City 1
TOP OF THE 3RD
Lansing Lugnuts batting - Pitching for Redwood City Redwoods : RHP Tom Goff
Batting: RHB Taki Chikafuji 0-0: Ball
1-0: Ball
2-0: Foul Ball, location: 2F
2-1: Foul Ball, location: 2F
2-2: Strikes out swinging
Batting: RHB Matt Silver 0-0: Ball
1-0: Ball
2-0: Reached on error, E6 (Groundball, 6)
Batting: RHB Michael Woodruff 0-0: Called Strike
Matt Silver is caught stealing 2nd base
0-1: Ball
1-1: Ball
2-1: Called Strike
2-2: Reached on error, E5 (Groundball, 5)
Batting: LHB Francisco Marino 0-0: Ball
1-0: Called Strike
1-1: SINGLE (Line Drive, 7S)
Michael Woodruff to second
Batting: LHB Juan Colón 0-0: Swinging Strike
0-1: Ball
1-1: Swinging Strike
1-2: Foul Ball, location: 2F
1-2: SINGLE (Groundball, 6M)
Michael Woodruff to third
Francisco Marino to second
Runner from 3rd tries for Home, SAFE, no throw or cutoff
Batting: RHB Jim Tracy 0-0: Called Strike
0-1: Ground out 3-1 (Groundball, 34)
Top of the 3rd over - 1 run(s), 2 hit(s), 2 error(s), 2 left on base; Lansing 1 - Redwood City 1
BOTTOM OF THE 3RD
Redwood City Redwoods batting - Pitching for Lansing Lugnuts : LHP Kent Robinson
Batting: RHB Fu Tse 0-0: Ball
1-0: Ball
2-0: Ball
3-0: Base on Balls
Batting: RHB Edgardo Gonzáles 0-0: Called Strike
0-1: Ball
1-1: Ball
2-1: SINGLE (Groundball, 5L)
Fu Tse to second
Batting: RHB Robinson Martínez 0-0: Ball
1-0: Ball
2-0: Ball
3-0: Called Strike
3-1: Grounds into double play, 3-6-3 (Groundball, 3)
Fu Tse to third
Batting: LHB Vincente Sáenz 0-0: Ball
1-0: Ball
2-0: Called Strike
2-1: DOUBLE (Line Drive, 7LD)
Fu Tse scores
Batting: RHB Anastasio García 0-0: Ball
1-0: Foul Ball, location: 2F
1-1: Ball
2-1: Foul Ball, location: 2F
2-2: Ground out 6-3 (Groundball, 6)
Bottom of the 3rd over - 1 run(s), 2 hit(s), 0 error(s), 1 left on base; Lansing 1 - Redwood City 2
TOP OF THE 4TH
Lansing Lugnuts batting - Pitching for Redwood City Redwoods : RHP Tom Goff
Batting: LHB Iván Salas 0-0: Called Strike
0-1: Ball
1-1: Called Strike
1-2: Foul Ball, location: 2F
1-2: Ball
2-2: Foul Ball, location: 2F
2-2: Ball
3-2: SINGLE (Line Drive, 34)
Batting: LHB Jeffrey Satterley 0-0: Swinging Strike
0-1: Ball
1-1: Foul Ball, location: 2F
1-2: Ball
2-2: Strikes out swinging
Batting: LHB António Guerrero 0-0: Ball
1-0: Ball
2-0: Ball
3-0: Base on Balls
Iván Salas to second
Batting: RHB Taki Chikafuji 0-0: Ball
1-0: DOUBLE (Line Drive, 7LD)
Iván Salas scores
António Guerrero to third
Runner from 3rd tries for Home, SAFE, throw made home
Batting: RHB Matt Silver 0-0: Ball
1-0: Ball
2-0: Ball
3-0: Base on Balls
Batting: RHB Michael Woodruff 0-0: Grounds into double play, 4-6-3 (Groundball, 4)
Top of the 4th over - 2 run(s), 2 hit(s), 0 error(s), 1 left on base; Lansing 3 - Redwood City 2
BOTTOM OF THE 4TH
Redwood City Redwoods batting - Pitching for Lansing Lugnuts : LHP Kent Robinson
Batting: RHB William Parker 0-0: Called Strike
0-1: Ground out 5-3 (Groundball, 5S)
Batting: RHB Dan Martin 0-0: Called Strike
0-1: Ball
1-1: Ball
2-1: Foul Ball, location: 2F
2-2: Strikes out swinging
Batting: RHB Bobby McIntosh 0-0: Ball
1-0: SINGLE (Groundball, 5L)
Batting: LHB Héctor Flores 0-0: Foul Ball, location: 2F
0-1: Foul Ball, location: 2F
0-2: Ball
1-2: Foul Ball, location: 2F
1-2: Foul Ball, location: 2F
1-2: Ball
2-2: Ball
3-2: SINGLE (Line Drive, 56)
Bobby McIntosh to second
Bobby McIntosh to third
Batting: RHB Fu Tse 0-0: Fly out, F4 (Line Drive, 4M)
Bottom of the 4th over - 0 run(s), 2 hit(s), 0 error(s), 2 left on base; Lansing 3 - Redwood City 2
TOP OF THE 5TH
Lansing Lugnuts batting - Pitching for Redwood City Redwoods : RHP Tom Goff
Batting: LHB Francisco Marino 0-0: Ball
1-0: Ball
2-0: Called Strike
2-1: Ball
3-1: Base on Balls
Batting: LHB Juan Colón 0-0: Foul Ball, location: 2F
0-1: SINGLE (Groundball, 56D)
Francisco Marino to second
Batting: RHB Jim Tracy 0-0: Ball
Francisco Marino steals 3rd base
Juan Colón to second
1-0: Called Strike
1-1: Called Strike
1-2: Ball
2-2: Foul Ball, location: 2F
2-2: Foul Ball, location: 2F
2-2: Ball
3-2: SINGLE (Line Drive, 8RS)
Francisco Marino scores
Juan Colón to third
Runner from 3rd tries for Home, SAFE, no throw or cutoff
Batting: LHB Iván Salas 0-0: Ball
1-0: Ball
2-0: Ball
3-0: Called Strike
3-1: Base on Balls
Jim Tracy to second
Pitching: RHP William Simpson
Batting: LHB Jeffrey Satterley 0-0: Ball
1-0: Ball
2-0: Ball
3-0: Base on Balls
Jim Tracy to third
Iván Salas to second
Batting: LHB António Guerrero 0-0: Ball
1-0: Ball
2-0: Called Strike
2-1: Foul Ball, location: 2F
2-2: Ball
3-2: Base on Balls
Jim Tracy scores
Iván Salas to third
Jeffrey Satterley to second
Batting: RHB Taki Chikafuji 0-0: Called Strike
0-1: Foul Ball, location: 2F
0-2: SINGLE (Line Drive, 78S)
Iván Salas scores
Jeffrey Satterley to third
António Guerrero to second
Runner from 3rd tries for Home, SAFE, no throw or cutoff
Batting: RHB Matt Silver 0-0: Called Strike
0-1: Fly out, F5 (Popup, 25F)
Batting: RHB Michael Woodruff 0-0: Ball
1-0: Foul Ball, location: 2F
1-1: Ball
2-1: DOUBLE (Flyball, 89D)
António Guerrero scores
Taki Chikafuji to third
Runner from 3rd tries for Home, throw and OUT!
Batting: LHB Francisco Marino 0-0: Foul Ball, location: 2F
0-1: Ball
1-1: SINGLE (Line Drive, 4D)
Michael Woodruff to third
Batting: LHB Juan Colón 0-0: Ball
1-0: SINGLE (Line Drive, 8LS)
Michael Woodruff scores
Francisco Marino to second
Throwing error, E8
Francisco Marino scores
Juan Colón to second
Batting: RHB Jim Tracy 0-0: Foul Ball, location: 2F
0-1: Ball
1-1: Ball
2-1: Ball
Passed Ball!
Juan Colón to third
3-1: Base on Balls
Pitching: RHP Willie McMillan
Batting: LHB Iván Salas 0-0: Called Strike
0-1: 3-RUN HOME RUN (Line Drive, 9D), Distance : 373 ft
Batting: LHB Jeffrey Satterley 0-0: Ball
1-0: Called Strike
1-1: Ball
2-1: Ball
3-1: Base on Balls
Batting: LHB António Guerrero 0-0: Foul Ball, location: 2F
0-1: Ball
1-1: Foul Ball, location: 2F
1-2: Foul Ball, location: 2F
1-2: Foul Ball, location: 2F
1-2: Foul Ball, location: 2F
1-2: SINGLE (Line Drive, 9S)
Jeffrey Satterley to second
Jeffrey Satterley to third
Batting: RHB Taki Chikafuji 0-0: Ball
1-0: Foul Ball, location: 2F
1-1: Ground out 4-3 (Groundball, 4)
Top of the 5th over - 11 run(s), 8 hit(s), 1 error(s), 2 left on base; Lansing 14 - Redwood City 2
BOTTOM OF THE 5TH
Redwood City Redwoods batting - Pitching for Lansing Lugnuts : LHP Kent Robinson
Batting: RHB Edgardo Gonzáles 0-0: Called Strike
0-1: Ball
1-1: Foul Ball, location: 2F
1-2: Ball
2-2: Strikes out swinging
Batting: RHB Robinson Martínez 0-0: Called Strike
0-1: Swinging Strike
0-2: SINGLE (Groundball, 34)
Batting: LHB Vincente Sáenz 0-0: SINGLE (Line Drive, 89M)
Robinson Martínez to second
Batting: RHB Anastasio García 0-0: Ground out 2-3 (Groundball, 15S)
Robinson Martínez to third
Vincente Sáenz to second
Batting: RHB William Parker 0-0: Ball
1-0: Called Strike
1-1: Called Strike
1-2: Ball
2-2: SINGLE (Groundball, 4D)
Robinson Martínez scores
Vincente Sáenz to third
Runner from 3rd tries for Home, SAFE, no throw or cutoff
Pitching: RHP Aaron Abrams
Batting: RHB Dan Martin 0-0: Hit by Pitch
William Parker to second
Batting: RHB Bobby McIntosh 0-0: Called Strike
0-1: Ball
1-1: Ball
2-1: Called Strike
2-2: SINGLE (Groundball, 56D)
William Parker to third
Dan Martin to second
Runner from 3rd tries for Home, SAFE, throw made home
Batting: LHB Héctor Flores 0-0: Called Strike
0-1: Ball
1-1: Ball
2-1: Foul Ball, location: 2F
2-2: Ball
3-2: Foul Ball, location: 2F
3-2: Strikes out swinging
Bottom of the 5th over - 3 run(s), 4 hit(s), 0 error(s), 2 left on base; Lansing 14 - Redwood City 5
TOP OF THE 6TH
Lansing Lugnuts batting - Pitching for Redwood City Redwoods : RHP Willie McMillan
Batting: RHB Matt Silver 0-0: Ball
1-0: Called Strike
1-1: Called Strike
1-2: Ball
2-2: Foul Ball, location: 2F
2-2: Foul Ball, location: 2F
2-2: Ground out 6-3 (Groundball, 6M)
Batting: RHB Michael Woodruff 0-0: Called Strike
0-1: Called Strike
0-2: Ball
1-2: Ball
2-2: Ball
3-2: Base on Balls
Batting: LHB Francisco Marino 0-0: Foul Ball, location: 2F
0-1: DOUBLE (Flyball, 78M)
Michael Woodruff to third
Runner from 3rd tries for Home, SAFE, throw made at trailing runner, SAFE at third!
Batting: LHB Juan Colón 0-0: SINGLE (Line Drive, 56D)
Francisco Marino scores
Pitching: RHP Carl Murgatroyd
Batting: RHB Jim Tracy 0-0: Called Strike
0-1: Foul Ball, location: 2F
0-2: Foul Ball, location: 2F
0-2: Ball
1-2: Strikes out swinging
Batting: LHB Iván Salas 0-0: Called Strike
0-1: 2-RUN HOME RUN (Flyball, 9LD), Distance : 317 ft
Batting: LHB Jeffrey Satterley 0-0: Called Strike
0-1: Called Strike
0-2: Foul Ball, location: 2F
0-2: Strikes out looking
Top of the 6th over - 4 run(s), 3 hit(s), 0 error(s), 0 left on base; Lansing 18 - Redwood City 5
BOTTOM OF THE 6TH
Redwood City Redwoods batting - Pitching for Lansing Lugnuts : RHP Aaron Abrams
Batting: RHB Fu Tse 0-0: Ball
1-0: Called Strike
1-1: Ball
2-1: Ball
3-1: Foul Ball, location: 2F
3-2: Foul Ball, location: 2F
3-2: Strikes out looking
Pitching: RHP Gerald Hood
Batting: RHB Edgardo Gonzáles 0-0: Ball
1-0: Ball
2-0: Ball
3-0: Called Strike
3-1: Foul Ball, location: 2F
3-2: SOLO HOME RUN (Flyball, 7LD), Distance : 331 ft
Batting: RHB Robinson Martínez 0-0: Called Strike
0-1: SOLO HOME RUN (Flyball, 7D), Distance : 358 ft
Batting: LHB Vincente Sáenz 0-0: Called Strike
0-1: Ball
1-1: Foul Ball, location: 2F
1-2: Strikes out swinging
Batting: RHB Anastasio García 0-0: Ball
1-0: Swinging Strike
1-1: Foul Ball, location: 2F
1-2: Foul Ball, location: 2F
1-2: Foul Ball, location: 2F
1-2: Ball
2-2: Ground out 1-3 (Groundball, 13S)
Bottom of the 6th over - 2 run(s), 2 hit(s), 0 error(s), 0 left on base; Lansing 18 - Redwood City 7
TOP OF THE 7TH
Lansing Lugnuts batting - Pitching for Redwood City Redwoods : RHP Carl Murgatroyd
Batting: LHB António Guerrero 0-0: Ball
1-0: Ball
2-0: Ground out 4-3 (Groundball, 4)
Batting: RHB Taki Chikafuji 0-0: Ball
1-0: Ball
2-0: Called Strike
2-1: Swinging Strike
2-2: Strikes out swinging
Batting: RHB Matt Silver 0-0: Called Strike
0-1: Ball
1-1: DOUBLE (Groundball, 5L)
Batting: RHB Michael Woodruff 0-0: Ball
1-0: Swinging Strike
1-1: Ball
2-1: Ball
3-1: Called Strike
3-2: Foul Ball, location: 2F
3-2: Base on Balls
Batting: LHB Francisco Marino 0-0: Ball
1-0: Ball
2-0: Called Strike
2-1: Ball
3-1: Base on Balls
Matt Silver to third
Michael Woodruff to second
Batting: LHB Juan Colón 0-0: Ball
1-0: Foul Ball, location: 2F
1-1: Ball
2-1: Ball
3-1: Base on Balls
Matt Silver scores
Michael Woodruff to third
Francisco Marino to second
Batting: RHB Jim Tracy 0-0: Ball
1-0: Called Strike
1-1: Ball
2-1: Ball
3-1: Base on Balls
Michael Woodruff scores
Francisco Marino to third
Juan Colón to second
Pitching: RHP Jim Williams
Batting: LHB Iván Salas 0-0: Ball
1-0: Called Strike
1-1: GRAND SLAM HOME RUN (Flyball, 9D), Distance : 353 ft
Batting: LHB Jeffrey Satterley 0-0: Ball
1-0: Ball
2-0: Foul Ball, location: 2F
2-1: Ground out 4-3 (Groundball, 4)
Top of the 7th over - 6 run(s), 2 hit(s), 0 error(s), 0 left on base; Lansing 24 - Redwood City 7
BOTTOM OF THE 7TH
Redwood City Redwoods batting - Pitching for Lansing Lugnuts : RHP Gerald Hood
Batting: RHB William Parker 0-0: Fly out, F9 (Flyball, 9M)
Pitching: LHP Arturo Heredia
Batting: RHB Dan Martin 0-0: Called Strike
0-1: Fly out, F7 (Flyball, 7M)
Batting: RHB Bobby McIntosh 0-0: Ball
1-0: Swinging Strike
1-1: Called Strike
1-2: Foul Ball, location: 2F
1-2: Ball
2-2: Ground out 6-3 (Groundball, 6M)
Bottom of the 7th over - 0 run(s), 0 hit(s), 0 error(s), 0 left on base; Lansing 24 - Redwood City 7
TOP OF THE 8TH
Lansing Lugnuts batting - Pitching for Redwood City Redwoods : RHP Jim Williams
Batting: LHB António Guerrero 0-0: Ground out 6-3 (Groundball, 6)
Batting: RHB Taki Chikafuji 0-0: Called Strike
0-1: Swinging Strike
0-2: Foul Ball, location: 2F
0-2: Foul Ball, location: 2F
0-2: Strikes out looking
Batting: RHB Matt Silver 0-0: Ball
1-0: Called Strike
1-1: Ground out 6-3 (Groundball, 6)
Top of the 8th over - 0 run(s), 0 hit(s), 0 error(s), 0 left on base; Lansing 24 - Redwood City 7
BOTTOM OF THE 8TH
Redwood City Redwoods batting - Pitching for Lansing Lugnuts : LHP Arturo Heredia
Now at 1B: Steve Hathaway
Batting: LHB Héctor Flores 0-0: Ball
1-0: Called Strike
1-1: Ball
2-1: Called Strike
2-2: Foul Ball, location: 2F
2-2: Strikes out swinging
Batting: RHB Fu Tse 0-0: Called Strike
0-1: Ground out 5-3 (Groundball, 5L)
Batting: RHB Edgardo Gonzáles 0-0: Called Strike
0-1: Foul Ball, location: 2F
0-2: Foul Ball, location: 2F
0-2: Ball
1-2: Strikes out swinging
Bottom of the 8th over - 0 run(s), 0 hit(s), 0 error(s), 0 left on base; Lansing 24 - Redwood City 7
TOP OF THE 9TH
Lansing Lugnuts batting - Pitching for Redwood City Redwoods : RHP Jim Williams
Batting: RHB Michael Woodruff 0-0: Ball
1-0: Called Strike
1-1: Foul Ball, location: 2F
1-2: Ball
2-2: Ball
3-2: Foul Ball, location: 2F
3-2: Base on Balls
Batting: LHB Francisco Marino 0-0: Swinging Strike
0-1: Fly out, F5 (Popup, 56S)
Batting: LHB Juan Colón 0-0: Ball
1-0: Called Strike
1-1: Ball
2-1: Foul Ball, location: 2F
2-2: Ball
3-2: Base on Balls
Michael Woodruff to second
Batting: RHB Jim Tracy 0-0: Called Strike
0-1: Ball
1-1: Foul Ball, location: 2F
1-2: Ball
2-2: Foul Ball, location: 2F
2-2: Ball
3-2: 3-RUN HOME RUN (Flyball, 7D), Distance : 366 ft
Pitching: RHP Júlio Juárez
Batting: LHB Iván Salas 0-0: Ball
1-0: Foul Ball, location: 2F
1-1: Ball
2-1: Ball
3-1: Base on Balls
Batting: LHB Jeffrey Satterley 0-0: Ball
1-0: Ball
2-0: Called Strike
2-1: Fielders Choice at 2nd, 6-4 (Groundball, 6M)
Batting: RHB Steve Hathaway 0-0: Ball
1-0: Foul Ball, location: 2F
1-1: Called Strike
1-2: Ball
2-2: Strikes out looking
Top of the 9th over - 3 run(s), 1 hit(s), 0 error(s), 1 left on base; Lansing 27 - Redwood City 7
BOTTOM OF THE 9TH
Redwood City Redwoods batting - Pitching for Lansing Lugnuts : LHP Arturo Heredia
Batting: RHB Robinson Martínez 0-0: Called Strike
0-1: Called Strike
0-2: Ball
1-2: Foul Ball, location: 2F
1-2: Ball
2-2: Ball
3-2: Base on Balls
Batting: LHB Vincente Sáenz 0-0: Called Strike
0-1: Ball
1-1: Foul Ball, location: 2F
1-2: Ground out 2-3 (Groundball, 15S)
Robinson Martínez to second
Batting: RHB Anastasio García 0-0: Called Strike
0-1: Ball
1-1: Ball
2-1: Ground out 1-3 (Groundball, 15S)
Batting: RHB William Parker 0-0: Foul Ball, location: 2F
0-1: SINGLE (Groundball, 4MD)
Robinson Martínez to third
Runner from 3rd tries for Home, SAFE, no throw or cutoff
Batting: RHB Dan Martin 0-0: Foul Ball, location: 2F
0-1: Called Strike
0-2: Fly out, F1 (Popup, 23)
Bottom of the 9th over - 1 run(s), 1 hit(s), 0 error(s), 1 left on base; Lansing 27 - Redwood City 8
This league is powered by Out of the Park Baseball, the baseball management simulation game for PC, Mac and Linux
Saturday, April 9th, 2016 - OOTP Baseball 16.8 Build 38